 Dungeon Crawl Stone Soup version 0.28.0-45-g0d030f2227 (webtiles) character file.

Game seed: 5737802364582198536

586 MalarOregon the Skirmisher (level 7, -14/58 HPs)
             Began as a Palentonga Fighter on Apr 23, 2022.
             Demolished by an ogre
             ... wielding a +0 giant club
              (26 damage)
             ... on level 4 of the Dungeon.
             The game lasted 00:05:22 (4614 turns).

MalarOregon the Skirmisher (Palentonga Fighter)     Turns: 4614, Time: 00:05:23

Health: -14/58     AC: 15    Str: 21    XL:     7   Next: 15%
Magic:  8/8        EV:  7    Int:  9    God:
Gold:   159        SH:  9    Dex:  9    Spells: 6/6 levels left

rFire   . . .      SeeInvis +   a - +0 war axe
rCold   . . .      Faith    .   c - +0 buckler
rNeg    . . .      Spirit   .   b - +0 scale mail
rPois   .          Reflect  +   o - +0 helmet
rElec   .          Harm     .   (no cloak)
rCorr   .          Rampage  .   (no gloves)
Will    .....                   (no barding)
Stlth   ..........              g - amulet of reflection
HPRegen 0.19/turn               (no ring)
MPRegen 0.11/turn               (no ring)

@: curled up
A: large, rugged brown scales 3, see invisible, deformed body, roll 1, armoured
tail, reflexive curl
a: Rolling Charge


You were on level 4 of the Dungeon.
You visited 2 branches of the dungeon, and saw 5 of its levels.

You collected 159 gold pieces.


Innate Abilities, Weirdness & Mutations

You are completely covered in rugged brown scales. (AC +3, +7% HP)
You have supernaturally acute eyesight. (SInv)
Armour fits poorly on your strangely shaped body.
You can roll at nearby foes to attack.
You have a long armoured tail.
You curl defensively after being hit. (AC +7*)


   Skills:
 * Level 4.5 Fighting
 * Level 3.7 Axes
 * Level 3.6 Armour
 + Level 1.6 Dodging
 * Level 3.6 Shields
 * Level 1.9 Invocations
 * Level 1.3 Evocations


You had 6 spell levels left.
You didn't know any spells.
Your spell library contained the following spells:

 Spells                   Type           Power      Damage    Failure   Level
 Poisonous Vapours        Pois/Air       0%         N/A       90%         2
 Static Discharge         Conj/Air       0%         N/A       90%         2
 Conjure Flame            Conj/Fire      0%         6-21      99%         3
 Ignite Poison            Fire/Tmut/Pois 0%         N/A       99%         3
 Mephitic Cloud           Conj/Pois/Air  0%         N/A       99%         3
 Ozocubu's Armour         Ice            0%         N/A       99%         3
 Freezing Cloud           Conj/Ice/Air   0%         6-21      100%        5
 Lightning Bolt           Conj/Air       0%         1d11      100%        5
 Ozocubu's Refrigeration  Ice            0%         4d5       100%        7
 Ignition                 Fire           0%         3d3       100%        8
 Maxwell's Capacitive Co  Air            0%         ∞         100%        8

Inventory:

Hand Weapons
 a - a +0 war axe (weapon)
Armour
 b - a +0 scale mail (worn)
 c - a +0 buckler (worn)
 o - a +0 helmet (worn)
   (You found it on level 3 of the Dungeon)
Jewellery
 g - an amulet of reflection (around neck)
   (You found it on level 1 of the Dungeon)
Wands
 d - a wand of iceblast (4)
   (You found it on level 2 of the Dungeon)
 q - a wand of polymorph (7)
   (You found it on level 4 of the Dungeon)
Scrolls
 e - a scroll of silence {unknown}
 f - 3 scrolls of teleportation {unknown}
 h - a scroll of identify {unknown}
 j - 2 scrolls of noise {unknown}
 k - a scroll of fog {unknown}
Potions
 l - a potion of berserk rage {unknown}
 m - a potion of might
 n - a potion of lignification {unknown}
 p - a potion of flight {unknown}
 r - 2 potions of haste {unknown}

Dungeon Overview and Level Annotations

Branches:
Dungeon (4/15)             Temple (1/1) D:4

Altars:
Ashenzari
Gozag
Hepliaklqana
Kikubaaqudgha
Makhleb
Nemelex Xobeh
Ru
Sif Muna
Trog
Uskayaw
Xom
Yredelemnul
Zin

Annotations:
D:4 Robin

.....###.....
.......##... ..##
..†........# ...#
........#..#
...###### .......##.#
#o....gg .......#..#
#....g#
...###....####.#....#
#...#..##.....##.g)#
......###..#####@g.#
.##...# ##..####O..#
.###.## #...##gg..#
....... #.#.......#
......## ####...†).#
.#....# ###.)..#
.....#. ##.......
....### ##....... ##
.......


You could see an ogre (inner flame), Robin (inner flame), an orc (inner flame),
a hobgoblin (inner flame, strong) and 5 goblins.


Message History

You closely miss the water moccasin skeleton.
The water moccasin skeleton bites you.
The water moccasin skeleton bites you but does no damage.
You slash the water moccasin skeleton! The water moccasin skeleton bites you.
You completely miss the water moccasin skeleton.
The water moccasin skeleton bites you but does no damage.
You block the water moccasin skeleton's attack.
A water moccasin skeleton is nearby!
You barely miss the water moccasin skeleton.
You tail-slap the water moccasin skeleton, but do no damage.
The water moccasin skeleton bites you but does no damage.
The water moccasin skeleton barely misses you.
A water moccasin skeleton is nearby!
You hit the water moccasin skeleton. The water moccasin skeleton bites you.
You slash the water moccasin skeleton!
You tail-slap the water moccasin skeleton.
You destroy the water moccasin skeleton!
No target in view!
No target in view!
Things that are here:
a +0 dagger; a stone
e - a scroll labelled WANTEOL MUPRES
q - a wand of polymorph (7)
Found 2 orange potions.
A ball python comes into view.
The ball python hisses angrily.
A ball python is nearby!
A ball python is nearby!
A ball python is nearby!
Found an escape hatch in the ceiling.
A ball python is nearby!
You barely miss the ball python. You block the ball python's attack.
You hit the ball python but do no damage.
You block the ball python's attack. The ball python bites you.
You hit the ball python.
You kill the ball python!
No target in view!
You now have 159 gold pieces (gained 8).
No target in view!
r - 2 orange potions A hobgoblin comes into view.
Found a whip.
A hobgoblin is nearby!
A hobgoblin is nearby!
A hobgoblin is nearby! 2 goblins come into view.
The goblin shouts! x2; You hear a shout! x3
An ogre comes into view. It is wielding a +0 giant club.
A goblin comes into view. It is wielding a +0 dagger.
The goblin moves out of view.
You hear a shout!
The ogre shouts! 3 goblins come into view.
The goblin shouts! x2; You hear a shout! x3
A goblin comes into view. It is wielding a +0 club.
You hit the hobgoblin but do no damage. You tail-slap the hobgoblin.
You kill the hobgoblin!
You block the goblin's attack.
You see here a hobgoblin corpse.
You closely miss the goblin. You slash the goblin!
You kill the goblin!
The goblin hits you but does no damage.
You hit the goblin but do no damage. You hit the goblin.
You closely miss the goblin. The goblin completely misses you.
You block the goblin's attack. x2; The goblin hits you but does no damage.
The goblin barely misses you.
You hit the goblin. x2
You kill the goblin!
You closely miss the ogre. You hit the goblin. You block the goblin's attack.
The ogre hits you with a +0 giant club!
The goblin hits you but does no damage. x2
You slash the goblin!
You kill the goblin!
You closely miss the ogre. You closely miss the goblin. x2
The goblin hits you but does no damage. x2
The ogre hits you with a +0 giant club! The goblin hits you with a +0 club.
You barely miss the goblin.
Your tail-slap misses the goblin.
You barely miss the goblin. You hit the goblin but do no damage.
You slash the ogre! The goblin barely misses you. x2
The ogre hits you with a +0 giant club!!
* * * LOW HITPOINT WARNING * * *
The goblin hits you but does no damage. The goblin barely misses you.
Unknown command.
Robin of the Strong Arm comes into view.
They are wielding a +0 club.
Robin shouts!
The goblin hits you with a +0 club.
* * * LOW HITPOINT WARNING * * *
The goblin barely misses you. The goblin hits you but does no damage.
The goblin barely misses you.
A goblin comes into view. It is wielding a +0 dagger.
An orc comes into view. It is wielding a +0 dagger.
The orc shouts!
Robin hits you but does no damage.
A hobgoblin comes into view.
As you read the scroll labelled DIUBYM JUTOWN, it crumbles to dust.
The creatures around you are filled with an inner flame!
It was a scroll of immolation.
Robin roars a battlecry!
The goblins go into a battle-frenzy!
A goblin comes into view. It is wielding a +0 club.
The ogre hits you with a +0 giant club!!
You die...

Skill      XL: |  1  2  3  4  5  6 |
---------------+-------------------+-----
Axes           | 3 |  3.7
Armour         | 3 |  3.6
Dodging        | 1 |  1.6
Shields        | 3 |  3.6
Fighting       | 4 |  4.5
Invocations    | 1 |  1.9
Evocations     | 1 |  1.3

Action                   |  1- 3 |  4- 6 |  7- 9 || total
-------------------------+-------+-------+-------++-------
Melee: War axe           |    70 |   132 |    22 ||   224
       Tailslap          |     4 |    15 |     4 ||    23
 Abil: Rolling Charge    |       |     2 |       ||     2
  Use: Potion            |     1 |     1 |       ||     2
       Scroll            |       |       |     1 ||     1
Armor: Scale mail        |    32 |    57 |    14 ||   103
Dodge: Dodged            |    28 |    44 |    12 ||    84
Block: Buckler           |    22 |    71 |    12 ||   105
       Reflection        |       |       |     2 ||     2

Levels and vault maps discovered:
D:1:      matt_arrival_refuge, layout_rooms
D:2:      layout_basic, basic_altar, minmay_pentomino_w2, uniq_sigmund
D:3:      layout_basic, dancing_weapons_uskayaw, lemuel_coloured_pillars_altar,
          marbit_many_paths, serial_curves, eino_curves_04, eino_curves_04,
          ebering_ghost_sewer_f, kennysheep_cross_bottleneck, minmay_quantized
D:4:      layout_layer_cave, okawaru_gym_becter, minmay_temple_entry_glass,
          uniq_menkaure, uniq_robin
Temple:   nicolae_temple_figure_zero

Notes
Turn   | Place    | Note
-------+----------+-------------------------------------------
     0 | D:1      | MalarOregon the Palentonga Fighter began the quest for the
                  | Orb.
     0 | D:1      | Reached XP level 1. HP: 19/19 MP: 1/1
   506 | D:1      | Reached XP level 2. HP: 14/25 MP: 2/2
  1036 | D:2      | Noticed Sigmund
  1261 | D:2      | Reached XP level 3. HP: 19/31 MP: 3/3
  1544 | D:2      | HP: 2/31 [Sigmund/+0 scythe (10)]
  1548 | D:2      | Killed Sigmund
  1549 | D:2      | Reached skill level 3 in Axes
  1549 | D:2      | Reached skill level 3 in Armour
  1549 | D:2      | Reached skill level 1 in Dodging
  1549 | D:2      | Reached skill level 3 in Shields
  1549 | D:2      | Reached XP level 4. HP: 3/39 MP: 4/4
  1549 | D:2      | Reached XP level 5. HP: 4/44 MP: 5/5
  2209 | D:2      | You add the spells Poisonous Vapours, Conjure Flame,
                  | Mephitic Cloud and Ignition to your library.
  2209 | D:2      | Got Apown's Guide on Cankerous Fire
  2233 | D:2      | You add the spells Ozocubu's Armour and Ozocubu's
                  | Refrigeration to your library.
  2249 | D:2      | Found a broken altar of Ashenzari.
  2485 | D:3      | Reached skill level 4 in Fighting
  2731 | D:3      | Noticed a +0 dagger
  2732 | D:3      | Found a hide-covered altar of Uskayaw.
  2732 | D:3      | Noticed a +0 dagger
  2790 | D:3      | Reached XP level 6. HP: 51/51 MP: 6/6
  2804 | D:3      | Found a runed translucent door.
  2896 | D:3      | Noticed SHADDY's ghost (amateur DECj)
  2916 | D:3      | Found a runed translucent door.
  3151 | D:3      | Found a bloodstained altar of Trog.
  3156 | D:3      | You add the spells Ignite Poison and Freezing Cloud to your
                  | library.
  3341 | D:3      | Found an opulent altar of Gozag.
  3438 | D:3      | Reached skill level 1 in Invocations
  3863 | D:3      | Killed SHADDY's ghost
  3864 | D:3      | Reached skill level 1 in Evocations
  3972 | D:4      | You pick up a book of Lightning and begin reading...
  3972 | D:4      | You add the spells Static Discharge, Lightning Bolt and
                  | Maxwell's Capacitive Coupling to your library.
  4086 | D:4      | Identified the +6 quarterstaff of Earthquakes {flame, rN+}
  4121 | D:4      | HP: 12/52 [poisoned by an adder]
  4124 | D:4      | HP: 3/52 [orc/+0 trident (5)]
  4132 | D:4      | Gained mutation: You curl defensively after being hit. (AC
                  | +7*) [Palentonga growth]
  4132 | D:4      | Reached XP level 7. HP: 22/58 MP: 8/8
  4331 | D:4      | Found a staircase to the Ecumenical Temple.
  4375 | Temple   | Entered the Ecumenical Temple
  4609 | D:4      | HP: 13/58 [ogre/+0 giant club (18)]
  4610 | D:4      | Noticed Robin
  4614 | D:4      | Demolished by an ogre

Vanquished Creatures
  Sigmund (D:2)
  The ghost of SHADDY the Conjurer, an amateur DECj (D:3)
  A water moccasin skeleton (D:4)
  2 orc wizards (D:3)
  A hound skeleton (D:4)
  8 adders
  A dart slug (D:4)
  14 orcs
  4 endoplasms
  3 giant cockroaches
  6 hobgoblins
  A quokka (D:3)
  3 ball pythons
  5 bats
  A frilled lizard (D:3)
  7 goblins
  9 kobolds
  11 rats
79 creatures vanquished.

Vanquished Creatures (others)
  A bullfrog (D:3)
1 creature vanquished.

Grand Total: 80 creatures vanquished

Table legend:
 A = Non-vault XP
 B = Vault XP
 C = Vault XP percentage of total XP
 D = Non-vault monster count
 E = Vault monster count
 F = Vault count percentage of total count
                 A         B        C        D         E       F
            +---------+---------+-------+---------+---------+-------
      Total |     345 |     493 |  58.8 |      62 |      18 |  22.5
            +---------+---------+-------+---------+---------+-------
        D:1 |      21 |       0 |   0.0 |      15 |       0 |   0.0
        D:2 |      40 |     251 |  86.3 |      11 |       2 |  15.4
        D:3 |     133 |     234 |  63.8 |      20 |      12 |  37.5
        D:4 |     151 |       8 |   5.0 |      16 |       4 |  20.0
            +---------+---------+-------+---------+---------+-------

Illustrated notes

Table legend:
 A = Kills in this place as a percentage of kills in entire the game.
 B = Kills by you in this place as a percentage of kills by you in the entire game.
 C = Kills by friends in this place as a percentage of kills by friends in the entire game.
 D = Other kills in this place as a percentage of other kills in the entire game.
 E = Experience gained in this place as a percentage of experience gained in the entire game.
 F = Experience gained in this place divided by the number of levels of this place that you have seen.
                   A       B       C       D       E      F
               +-------+-------+-------+-------+-------+----------------------
         Total | 100.0 | 100.0 |   N/A | 100.0 | 100.0 | 167.6
       Dungeon | 100.0 | 100.0 |   N/A | 100.0 | 100.0 | 209.5
               +-------+-------+-------+-------+-------+----------------------

Table legend: (Time is in decaauts)
 A = Elapsed time spent in this place.
 B = Non-inter-level travel time spent in this place.
 C = Inter-level travel time spent in this place.
 D = Time resting spent in this place.
 E = Time spent auto-exploring this place.
 F = Levels seen in this place.
 G = Mean time per level.
                   A        B        C        D        E       F      G
               +--------+--------+--------+--------+--------+-----+--------+
         Total |   4705 |   4560 |    145 |   1347 |   2504 |   5 |  941.0 |
       Dungeon |   4582 |   4445 |    137 |   1347 |   2393 |   4 | 1145.5 |
        Temple |    123 |    115 |      8 |      0 |    111 |   1 |  123.0 |
               +--------+--------+--------+--------+--------+-----+--------+

Top non-repeatable levels by time:
     D:3: 1535 daAuts
     D:2: 1466 daAuts
     D:1: 1036 daAuts
     D:4: 542 daAuts
  Temple: 123 daAuts
